[Event "Tsaghkadzor Open 2024"]
[Site "Tsaghkadzor"]
[Date "2024.10.03"]
[Round "5.6"]
[White "Sahakyan, Aleks"]
[Black "Lobanov, Sergei"]
[Result "1/2-1/2"]
[ECO "B30"]
[WhiteElo "2267"]
[BlackElo "2506"]
[Annotator "TA"]
[PlyCount "155"]
[EventDate "2024.09.13"]
[EventType "swiss"]
[EventCountry "ARM"]
[SourceTitle "playchess.com"]
[Source "ChessBase"]
[SourceQuality "1"]
[TimeControl "40/5400+30:1800+30"]

1. e4 c5 2. Nf3 Nc6 3. Bb5 e6 4. Bxc6 bxc6 5. d3 Ne7 6. Nbd2 f6 7. O-O Ng6 8. h4 e5 9. h5 Nf4 10. Nh4 (10. Nc4 $11) 10... g6 $15 11. hxg6 hxg6 12. Ndf3 g5 13. Bxf4 exf4 14. Nf5 d5 {[%emt 0:03:15] aiming for ...Qc7.} 15. g4 fxg3 $1 16. fxg3 Bxf5 17. exf5 Bd6 18. Kg2 Kf7 ({Better is} 18... Kd7 $17 {...Qb8 would now be deadly.} 19. Qe2 Re8) 19. Qe2 $11 Qd7 20. Rae1 Rae8 {[%emt 0:07:42] Wards off Qe6+} (20... Qxf5 $6 21. Qe6+ (21. Nxg5+ $2 Qxg5 $19) 21... Qxe6 22. Nxg5+ Kg6 23. Rxe6 $16) 21. Qe6+ Qxe6 (21... Rxe6 $2 22. fxe6+ Ke7 23. exd7+ $18) 22. fxe6+ Kg6 23. c3 Re7 24. Re2 Reh7 25. Rfe1 Be7 (25... Rh3 26. Nh4+ gxh4 (26... R8xh4 $2 27. gxh4 Rh2+ 28. Kg1 $18) 27. Kxh3 hxg3+ 28. Kg2 $16) 26. b3 (26. g4 $11) 26... Kf5 $1 $17 27. d4 (27. Re3 $142) 27... Kg4 28. Kf2 (28. dxc5 $17 Rh3 29. Nd4 Rxg3+ (29... Bxc5 30. Re4+ dxe4 31. Rxe4+ Kh5 32. Kxh3 $16) 30. Kf2) 28... Bd6 $19 29. Rg1 Re7 (29... cxd4 $142 30. Nxd4 c5) 30. Kg2 $17 {[%emt 0:06:54] [#]} Bxg3 (30... cxd4 $1 $17 31. Nxd4 Reh7 (31... Bxg3 $2 32. Kf1 $18)) 31. dxc5 $11 f5 (31... Ree8 {simplifies} 32. Nd4 Be5 33. Nxc6 Rxe6 34. Nxe5+ Rxe5 35. Rxe5 fxe5 36. b4 Kf4) 32. Rd1 {[%emt 0:02:08] Black must now prevent Rd4+.} (32. Nxg5 $2 Rh2+ 33. Kf1 Rxe2 34. Kxe2 f4 $19) 32... Rh6 33. Rd4+ (33. Rd3 $1 $11) 33... f4 $17 34. Re5 (34. Ne5+ $2 Kh5 35. Nf3 (35. Nxc6 $2 Rhxe6 36. Rxe6 Rxe6 $19) 35... Rhxe6 (35... Rexe6 $2 36. Rdd2 $19) 36. Rxe6 Rxe6 $19) 34... Rg6 (34... Rexe6 35. Rxg5#) (34... Bh4 $17 {keeps the pressure on.} 35. Nh2+ Kh5 36. Rxf4 Rhxe6 37. Rxe6 Rxe6 (37... gxf4 38. Rxe7 Bxe7 39. Nf3 $11)) 35. c4 dxc4 (35... Rexe6 36. cxd5 cxd5) 36. bxc4 $18 Rexe6 {[%emt 0:02:16] [#]} (36... Rgxe6 37. Rxg5#) (36... Rgg7 $142 37. Rd7 Bh4) 37. Rd6 $1 Rxd6 38. cxd6 {[%emt 0:00:05][%mdl 4096] Endgame. KRB-KRN} Bh4 39. c5 {[%emt 0:00:42] Intending d7 and mate.} Rg8 40. d7 {[%emt 0:00:00] Re8 would kill now.} Rd8 41. Re8 Rxd7 42. Ne5+ Kf5 43. Nxd7 g4 44. Rf8+ Ke6 45. Nb8 f3+ 46. Kh2 $2 (46. Kf1 $18 {is more deadly.}) 46... Bf2 $16 47. Rg8 (47. Nxc6 $6 g3+ 48. Kh3 g2 $11) 47... Bxc5 (47... Kf5 $16) 48. Nxc6 Bd6+ $2 (48... Kf5 $16 {is tougher.} 49. Rg7 Bf2 50. Ne7+ (50. Nxa7 Kf4 $11) 50... Kf6 51. Rxg4 Kxe7) 49. Kg1 $18 Kd5 50. Nxa7 $2 (50. Na5 $18 g3 51. Rd8) 50... Bc5+ (50... g3 $1 $11) 51. Kf1 $16 Bxa7 52. Rxg4 {[%emt 0:00:03] Threatens to win with Rg7. KR-KB} Kc6 53. Rg5 Kb7 54. Rf5 f2 55. Ke2 Ka6 56. Kd3 Bb6 57. Kc4 Be3 58. Kb4 Bd4 59. Rf4 Kb6 60. a4 (60. Rxd4 $2 f1=Q (60... f1=R 61. Rd2 $11) 61. a4 Qf2 $19) 60... Bc5+ 61. Kc4 {[%emt 0:00:17] White threatens Rf6+ and mate.} Be3 62. Rf5 Ka6 63. Kb3 Bc5 64. Kc3 (64. Rxc5 $2 {is the wrong capture.} f1=Q (64... f1=R 65. Rc6+ Ka5 66. Rc5+ Ka6 67. Rc6+ Kb7 68. Rg6 $11) 65. Rc6+ Ka5 66. Rc5+ Kb6 $19) 64... Be3 65. Kc4 Ba7 66. Kb4 Bd4 67. a5 Be3 68. Rf6+ Kb7 69. Kb5 Bd4 70. Rf7+ Kb8 71. Kc6 Be3 72. a6 Ka8 73. Kb5 Kb8 74. Kc6 Ka8 {[%emt 0:00:04] [#]} 75. a7 Bd4 $11 {[%emt 0:01:23] The position is equal.} 76. Kb5 Bxa7 77. Ka6 Bc5 78. Kb5 {[%emt 0:00:05] Quite a comeback for White.   Weighted Error Value: White=0.39/Black=0.42.  Loses game:     	---       	Black=2      Missed win:     	White=1     	---        Mistake:       	White=6     	Black=7      Inaccurate:     	White=4     	Black=2      OK:         	White=21    	Black=23     Best:        	White=3     	Black=6      Strong:       	---       	Black=2      Brilliant:      	White=1     	---} 1/2-1/2

[Event "Tsaghkadzor Open 2024"]
[Site "Tsaghkadzor"]
[Date "2024.10.03"]
[Round "5.7"]
[White "Kornienko, Konstantin"]
[Black "Davtyan, Artur"]
[Result "1/2-1/2"]
[ECO "E11"]
[WhiteElo "2058"]
[BlackElo "2467"]
[Annotator "TA"]
[PlyCount "87"]
[EventDate "2024.09.13"]
[EventType "swiss"]
[EventCountry "ARM"]
[SourceTitle "playchess.com"]
[Source "ChessBase"]
[SourceQuality "1"]
[TimeControl "40/5400+30:1800+30"]

1. d4 Nf6 2. Nf3 d5 3. c4 e6 4. g3 Bb4+ 5. Bd2 Be7 6. Bg2 O-O 7. Qc2 c6 8. O-O b6 9. Bf4 Ba6 10. Nbd2 Nbd7 11. Rfd1 Rc8 12. Rac1 b5 (12... Nh5 $11) 13. c5 $14 {[%emt 0:02:59] White is slightly better.} b4 14. Re1 Bb5 {[%emt 0:00:19] Against Qa4} 15. e4 dxe4 16. Nxe4 Nxe4 17. Qxe4 Nf6 18. Qc2 Nd5 19. Bd2 a5 20. a3 bxa3 21. bxa3 Qc7 22. Ne5 Rfd8 23. Bh3 {[%emt 0:04:19] White is much more active.} g6 24. Bh6 Bf8 {[%emt 0:00:25] [#]} 25. Nxf7 Qxf7 26. Bxe6 Bxh6 27. Bxf7+ Kxf7 28. Rb1 Bg7 {[%emt 0:00:06] Dodges Re5} 29. a4 Ba6 30. Qd2 ({White should play} 30. Qa2 $16) 30... Nb4 $11 31. Re4 Bf6 (31... Bc4 $11 {was preferrable.}) 32. Rbe1 {[%emt 0:01:01][%cal Bb1e1,Be1e4,Be4f4][%mdl 32] Hoping for Qh6.} Kg8 33. Re6 Rf8 34. Rd6 Bc4 {[%emt 0:00:02] Inhibits d5.} 35. h4 Rf7 36. Re4 Rcf8 37. Rf4 $1 Bd5 (37... Kg7 $14) 38. Kh2 (38. h5 $1 $16) 38... Kg7 (38... h5 $14) 39. h5 $1 $16 gxh5 {[%emt 0:00:47] [#]} (39... Kg8 $16 {is a better defense.}) 40. Qe2 $1 $18 Bxd4 $2 {[%emt 0:00:00] This costs Black the game.} (40... h4 $16 41. gxh4 Kg8) 41. Qxh5 Rxf4 42. gxf4 Bf6 43. Rd7+ Bf7 (43... Rf7 $142 44. Rxf7+ Bxf7 45. Qg4+ Kh6 46. Qh3+ Kg6) 44. Qg4+ {[%emt 0:02:51] Weighted Error Value: White=0.14 (very precise) /Black=0.26 (precise) .  Loses game:     	---       	Black=1      Mistake:       	White=2     	Black=6      Inaccurate:     	White=3     	Black=2      OK:         	White=12    	Black=9      Best:        	White=2     	Black=4      Strong:       	White=3     	---} 1/2-1/2